 Dungeon Crawl Stone Soup version 0.20.0-14-g326068f (webtiles) character file.

4300 Angani the Fighter (level 10, -1/93 HPs)
             Began as a Centaur Wizard on June 9, 2017.
             Was a Priest of Ru.
             Slain by a two-headed ogre
             ... wielding a +0 giant club
              (6 damage)
             ... on level 9 of the Dungeon.
             The game lasted 00:20:33 (11040 turns).

Angani the Fighter (Centaur Wizard)                Turns: 11040, Time: 00:20:34

Health: -1/93      AC:  9    Str: 12    XL:     10   Next: 11%
Magic:  13/13      EV:  7    Int: 17    God:    Ru [***...]
Gold:   165        SH:  0    Dex: 11    Spells: 12/13 levels left

rFire    + + .     SeeInvis .   e - +8 whip
rCold    + . .     Gourm    .   (no shield)
rNeg     . . .     Faith    .   v - +2 scale mail {rC+}
rPois    +         Spirit   .   b - +0 hat
rElec    .         Reflect  .   h - +0 cloak
rCorr    .         Harm     .   (no gloves)
MR       .....                  (no barding)
Stlth    ..........             (no amulet)
Regen    0.3/turn               y - ring of protection from fire
MPRegen  0.2/turn               D - ring of poison resistance

@: no scrolls, drained, very quick
A: antennae 1, hooves 3, agile 1, blurry vision 1, deformed body, fire
resistance 1, speed 2, sense surroundings 1, tough skin 3, inability to read
while threatened, hated by all, no fire magic, no hexes magic, no translocations
magic
a: Draw Out Power, Renounce Religion


You were on level 9 of the Dungeon.
You worshipped Ru.
Ru was most pleased with you.
You were not hungry.

You visited 1 branch of the dungeon, and saw 9 of its levels.

You collected 417 gold pieces.
You spent 252 gold pieces at shops.

Inventory:

Hand Weapons
 e - a +8 whip (weapon)
 j - a +0 shortbow of freezing
Missiles
 t - 122 arrows
Armour
 b - a +0 hat (worn)
 h - a +0 cloak (worn)
 v - a +2 scale mail of cold resistance (worn)
Jewellery
 y - a ring of protection from fire (left hand)
 D - a ring of poison resistance (right hand)
Wands
 o - a wand of iceblast (0/15)
 x - a wand of flame (0/48)
Scrolls
 a - 8 scrolls of remove curse
 k - 3 scrolls of teleportation
 m - a scroll of amnesia
 q - a scroll of immolation
 r - a scroll of enchant armour {unknown}
 u - a scroll of magic mapping
 w - a scroll of blinking
 A - a scroll of recharging
 B - a scroll of fog {unknown}
Potions
 c - a potion of magic
 i - a potion of agility
 l - 2 potions of brilliance
 n - a potion of lignification {unknown}
 p - 3 potions of curing
 s - 3 potions of flight
 C - a potion of resistance {unknown}
Comestibles
 d - 10 bread rations
 f - 9 royal jellies
 g - 10 meat rations
 z - 3 chunks of flesh


   Skills:
 + Level 10.2(10.1) Fighting
 + Level 9.6(9.5) Maces & Flails
 - Level 1.3 Dodging
 - Level 1.1(1.0) Stealth
 - Level 2.4(2.3) Spellcasting
 - Level 0.8 Conjurations
   Level 0.8 Summonings


You had 12 spell levels left.
You knew the following spells:

 Your Spells              Type           Power        Failure   Level  Hunger
a - Magic Dart            Conj           #...         58%         1    #......


Dungeon Overview and Level Annotations

Branches:
Dungeon (9/15)             Temple (0/1) D:7
   Lair: D:8-11         Orc: D:9-12

Altars:
Makhleb
Okawaru
Ru

Shops:
D:9 *

Portals:
Bailey: D:8

Annotations:
D:5 exclusion: 2 goblins
D:8 Psyche


Innate Abilities, Weirdness & Mutations

You have hooves in place of feet.
Armour fits poorly on your strangely shaped body.
You cover ground very quickly.
You have extremely tough skin. (AC +3)
You cannot read scrolls while threatened.
You are hated by all.
You cannot study or cast Fire magic.
You cannot study or cast Hexes magic.
You cannot study or cast Translocations magic.
You have a pair of small antennae on your head.
You are agile. (Dex +2)
Scrolls take you a little longer to read.
Your flesh is heat resistant. (rF+)
You passively map a small area around you.


Message History

The two-headed ogre hits you with a giant club!
You feel threatened and lose the ability to read scrolls!
You whack the two-headed ogre!
You kick the two-headed ogre, but do no damage.
The two-headed ogre is severely wounded.
You whack the two-headed ogre!
The two-headed ogre is almost dead.
The two-headed ogre hits you with a giant club!!
The two-headed ogre hits you with a giant club.
* * * LOW HITPOINT WARNING * * *
You focus your will and illuminate the two-headed ogre in retribution!
You hit the two-headed ogre but do no damage.
The two-headed ogre is almost dead.
You hit the two-headed ogre. Your kick misses the two-headed ogre.
The two-headed ogre is almost dead.
The two-headed ogre stops glowing.
The two-headed ogre hits you with a giant club!!
* * * LOW HITPOINT WARNING * * *
The two-headed ogre hits you with a giant club.
You die...

##..##.##. ,,,* #.....#
##................####...)####
#.................'.......))..
###...##.#.........####....####
#........# .......* #....#
#........# *.....* ##.###
#.......## ... #..., ###...###
*#O# #..# , #...# #@# #..*
##.## ######.## * #.#
#.......## * #.# #.##.....# #.#
#.##.....# , , ,
#.####.##.....# *
#.........#...#**
######.####..... , #.# #..####


You could see a two-headed ogre (blind).

Vanquished Creatures
  Prince Ribbit (D:8)
  Sigmund (D:2)
  A human (D:7)
  4 hogs (D:7)
  A steam dragon (D:9)
  A sky beast (D:9)
  2 ice beasts
  A black bear (D:9)
  2 phantoms
  4 ogres
  6 centaurs
  2 bullfrogs
  2 gnoll sergeants
  A scorpion (D:6)
  2 howler monkeys
  3 crimson imps
  4 hounds
  A jelly (D:7)
  4 orc priests
  Crazy Yiuf (D:2)
  7 orc wizards
  A bullfrog skeleton (D:6)
  3 iguanas
  Ijyb (D:5)
  6 worker ants
  A killer bee zombie (D:6)
  A hound skeleton (D:4)
  A howler monkey skeleton (D:8)
  A worker ant zombie (D:9)
  14 gnolls
  13 adders
  2 shadow imps
  An ooze (D:1)
  2 adder zombies
  2 dart slugs
  5 worms
  A leopard gecko (D:9)
  24 orcs
  2 ball pythons
  3 giant cockroaches
  12 hobgoblins
  4 jackals
  5 kobolds
  2 quokkas
  7 bats
  3 frilled lizards
  10 goblins
  4 rats
182 creatures vanquished.

Vanquished Creatures (others)
  A wyvern zombie (D:7)
  An orc priest (D:9)
  A gnoll (D:7)
  2 orcs (D:9)
5 creatures vanquished.

Grand Total: 187 creatures vanquished

Notes
Turn   | Place    | Note
-------+----------+-------------------------------------------
     0 | D:1      | Angani the Centaur Wizard began the quest for the Orb.
     0 | D:1      | Reached XP level 1. HP: 14/14 MP: 3/3
   110 | D:1      | Reached skill level 1 in Fighting
   110 | D:1      | Reached skill level 1 in Maces & Flails
   115 | D:1      | Reached XP level 2. HP: 23/23 MP: 5/5
  1014 | D:2      | Reached XP level 3. HP: 26/28 MP: 6/6
  1114 | D:2      | Noticed Sigmund
  1243 | D:2      | Found a runed door.
  1247 | D:2      | Noticed Crazy Yiuf
  1257 | D:2      | Killed Crazy Yiuf
  1257 | D:2      | Reached skill level 2 in Fighting
  1514 | D:2      | Reached XP level 4. HP: 37/37 MP: 7/7
  1639 | D:2      | Killed Sigmund
  1639 | D:2      | Reached skill level 3 in Fighting
  1639 | D:2      | Reached XP level 5. HP: 46/46 MP: 8/8
  1888 | D:2      | Found a sacrificial altar of Ru.
  2013 | D:2      | Became a worshipper of Ru the Awakened
  2544 | D:3      | Reached XP level 6. HP: 38/52 MP: 9/9
  2545 | D:3      | Reached skill level 4 in Fighting
  4326 | D:4      | Gained mutation: You cannot study or cast Fire magic. [Ru sacrifice]
  4326 | D:4      | Gained mutation: You cannot study or cast Hexes magic. [Ru sacrifice]
  4326 | D:4      | Gained mutation: You cannot study or cast Translocations magic. [Ru sacrifice]
  4326 | D:4      | Reached * piety under Ru
  4534 | D:4      | Reached XP level 7. HP: 60/60 MP: 10/10
  4735 | D:5      | Entered Level 5 of the Dungeon
  4817 | D:5      | Gained mutation: Your muscles are strong. (Str +2) [potion of mutation]
  4817 | D:5      | Gained mutation: Your spells are a little easier to cast, but a little less powerful. [potion of mutation]
  4817 | D:5      | Gained mutation: Scrolls take you a little longer to read. [potion of mutation]
  4817 | D:5      | Gained mutation: Your mind is acute. (Int +2) [potion of mutation]
  4826 | D:5      | Lost mutation: Scrolls take you a little longer to read. [potion of mutation]
  4826 | D:5      | Lost mutation: Your mind is acute. (Int +2) [potion of mutation]
  4826 | D:5      | Lost mutation: Your muscles are strong. (Str +2) [potion of mutation]
  4826 | D:5      | Gained mutation: You are partially covered in slimy green scales. (AC +2) [potion of mutation]
  4826 | D:5      | Lost mutation: Your spells are a little easier to cast, but a little less powerful. [potion of mutation]
  4826 | D:5      | Gained mutation: You can translocate small distances at will. [potion of mutation]
  4830 | D:5      | Reached skill level 5 in Fighting
  5060 | D:5      | Reached skill level 5 in Maces & Flails
  5764 | D:5      | Found an iron altar of Okawaru.
  5984 | D:5      | Noticed Ijyb
  5993 | D:5      | Killed Ijyb
  6041 | D:5      | Reached skill level 6 in Fighting
  6586 | D:6      | Reached XP level 8. HP: 71/71 MP: 11/11
  6922 | D:6      | Gained mutation: You are hated by all. [Ru sacrifice]
  6922 | D:6      | Reached ** piety under Ru
  7019 | D:6      | Reached skill level 7 in Fighting
  8552 | D:7      | Found a burning altar of Makhleb.
  8552 | D:7      | Noticed an Executioner
  8556 | D:7      | Reached skill level 8 in Fighting
  8598 | D:7      | Reached XP level 9. HP: 68/81 MP: 12/12
  8865 | D:7      | Found a staircase to the Ecumenical Temple.
  8962 | D:7      | Reached skill level 9 in Fighting
  9725 | D:8      | Noticed Prince Ribbit
  9743 | D:8      | Killed Prince Ribbit
 10088 | D:8      | Noticed Psyche
 10099 | D:8      | Found a flagged portal.
 10400 | D:9      | Gained mutation: You cannot read scrolls while threatened. [Ru sacrifice]
 10400 | D:9      | Reached *** piety under Ru
 10427 | D:9      | Found an iron altar of Okawaru.
 10534 | D:9      | Found Roedocog's General Store.
 10540 | D:9      | Bought a +2 scale mail of cold resistance for 252 gold pieces
 10659 | D:9      | Reached skill level 10 in Fighting
 10703 | D:9      | Reached XP level 10. HP: 83/93 MP: 13/13
 10719 | D:9      | Gained mutation: You tend to lose your temper in combat. [mutagenic meat]
 10720 | D:9      | Gained mutation: You have a pair of small antennae on your head. [mutagenic meat]
 10722 | D:9      | Gained mutation: Your flesh is heat resistant. (rF+) [mutagenic meat]
 10723 | D:9      | Gained mutation: Scrolls take you a little longer to read. [mutagenic meat]
 10724 | D:9      | Gained mutation: Scrolls take you longer to read. [mutagenic meat]
 10729 | D:9      | Lost mutation: You tend to lose your temper in combat. [potion of mutation]
 10729 | D:9      | Lost mutation: You can translocate small distances at will. [potion of mutation]
 10729 | D:9      | Lost mutation: You are partially covered in slimy green scales. (AC +2) [potion of mutation]
 10729 | D:9      | Lost mutation: Scrolls take you longer to read. [potion of mutation]
 10729 | D:9      | Gained mutation: You passively map a small area around you. [potion of mutation]
 10729 | D:9      | Gained mutation: You are agile. (Dex +2) [potion of mutation]
 11027 | D:9      | Noticed a two-headed ogre
 11040 | D:9      | Slain by a two-headed ogre

Skill      XL: |  1  2  3  4  5  6  7  8  9 |
---------------+----------------------------+-----
Fighting       | 1 2 3 4 6 8 10 | 10.2
Maces & Flails | 1 2 3 4 5 7 9 |  9.6
Dodging        | |  1.3
Stealth        | |  1.1
Spellcasting   | |  2.4
Conjurations   | |  0.8
Summonings     | |  0.8

Action                   |  1- 3 |  4- 6 |  7- 9 | 10-12 || total
-------------------------+-------+-------+-------+-------++-------
Melee: Whip              |    68 |   224 |   454 |    71 ||   817
       Kick              |     5 |    34 |    93 |    15 ||   147
Throw: Throwing net      |     1 |       |       |       ||     1
Invok: Sacrifice Arcana  |       |     1 |       |       ||     1
       Sacrifice Love    |       |       |     1 |       ||     1
       Sacrifice Words   |       |       |     1 |       ||     1
Evoke: Wand              |       |       |    16 |     2 ||    18
  Use: Potion            |       |     5 |     3 |     1 ||     9
       Scroll            |       |     7 |     8 |       ||    15
 Stab: Distracted        |       |       |     1 |     1 ||     2
       Invisible         |       |       |       |     2 ||     2
  Eat: Chunk             |     1 |     8 |    16 |     8 ||    33
Armor: Robe              |    16 |       |       |       ||    16
       Ring mail         |     6 |    43 |       |       ||    49
       Scale mail        |       |    54 |   156 |    16 ||   226
Dodge: Dodged            |    35 |    73 |   120 |    11 ||   239
